 Dungeon Crawl Stone Soup version 0.30-a0-172-gc5509c9e31 (webtiles) character file.

Game seed: 16802477261725350604

86 bjtr the Firebug (level 4, -1/24 HPs)
             Began as a Gargoyle Fire Elementalist on Oct 2, 2022.
             Slain by Crazy Yiuf
             ... wielding a +3 quarterstaff of chaos
              (6 damage)
             ... on level 2 of the Dungeon.
             The game lasted 00:06:49 (1768 turns).

bjtr the Firebug (Gargoyle Fire Elementalist)       Turns: 1768, Time: 00:06:50

Health: -1/24      AC:  6    Str: 11    XL:     4   Next: 49%
Magic:  5/7        EV: 11    Int: 24    God:
Gold:   64         SH:  0    Dex: 10    Spells: 5/8 levels left

rFire   . . .      SeeInvis .    k - +0 long sword
rCold   . . .      Faith    .    (no shield)
rNeg    + . .      Spirit   .    c - +0 leather armour
rPois   ∞          Reflect  .    (no helmet)
rElec   +          Harm     .    (no cloak)
rCorr   .          Rampage  .    (no gloves)
Will    .....                    (no boots)
Stlth   ++........               (no amulet)
HPRegen 0.24/turn                n - +6 ring of intelligence
MPRegen 0.10/turn                (no ring)

@: no status effects
A: sickness immunity, AC +3, negative energy resistance 1, electricity
resistance, torment resistance 1, petrification resistance
a: no special abilities


You were on level 2 of the Dungeon.
You visited 1 branch of the dungeon, and saw 2 of its levels.

You collected 64 gold pieces.

Inventory:

Hand Weapons
 d - a +0 hand axe
 k - a +0 long sword (weapon)
 o - a +0 hammer
Missiles
 l - 2 poisoned darts
Armour
 a - a +0 robe
 c - a +0 leather armour (worn)
Magical Staves
 e - a staff of cold
Jewellery
 n - a +6 ring of intelligence (left hand)
Scrolls
 f - a scroll of amnesia {unknown}
 g - a scroll of vulnerability {unknown}
 i - a scroll of identify {unknown}
Potions
 b - a potion of magic
 h - a potion of ambrosia {unknown}
 j - a potion of might {unknown}
 m - a potion of curing {unknown}


   Skills:
 + Level 0.9 Fighting
 + Level 0.7 Armour
 + Level 1.7 Dodging
 + Level 2.3 Stealth
 * Level 2.5 Spellcasting
 + Level 1.5 Conjurations
 * Level 4.2 Fire Magic


You had 5 spell levels left.
You knew the following spells:

 Your Spells              Type           Power      Damage    Failure   Level
a - Foxfire               Conj/Fire      64%        2x1d7     4%          1
b - Scorch                Fire           46%        2d7       4%          2

Your spell library contained the following spells:

 Spells                   Type           Power      Damage    Failure   Level
 Inner Flame              Hex/Fire       13%        N/A       19%         3
 Ensorcelled Hibernation  Hex/Ice        6%         N/A       22%         2
 Passwall                 Tmut/Erth      2%         N/A       22%         2
 Kindle Blastsparks       Fire/Tloc/Air  18%        2d11      26%         3
 Swiftness                Air            3%         N/A       41%         3
 Flame Wave               Conj/Fire      16%        2d7       41%         4


Dungeon Overview and Level Annotations

Branches:
Dungeon (2/15)

Altars:

Shops:
D:2 (

Annotations:
D:2 Crazy Yiuf


Innate Abilities, Weirdness & Mutations

You are immune to sickness and miasma.
Your stone body is resilient. (AC +3)
You are immune to poison.
You resist negative energy. (rN+)
You are resistant to electric shocks. (rElec)
You are resistant to unholy torment.
You are immune to petrification.


Message History

Magic restored.
You start waiting.
Done waiting.
You now have 47 gold pieces (gained 16).
You now have 64 gold pieces (gained 17).
Found Adingimp's Antique Weapon Shop.
There is an entrance to Adingimp's Antique Weapon Shop here.
You can access your shopping list by pressing '$'.
Found a hammer.
Found two hammers.
You see here a +0 hammer.
o - a +0 hammer
Found seven hammers.
Found a runed translucent door.
You see here a +0 hammer.
You see here a +0 hammer.
You see here a +0 hammer.
Found a hammer.
Crazy Yiuf shouts!
You see here a +0 hammer.
You see here a +0 hammer.
Found three hammers.
Crazy Yiuf twirls on the spot.
You see here a +0 hammer.
You open the door.
Casting: Scorch (safe; 4% risk of failure)
Confirm with . or Enter, or press ? or * to list all spells.
Flames lash Crazy Yiuf.
Crazy Yiuf is lightly wounded.
Crazy Yiuf's fire resistance burns away.
Crazy Yiuf sings, "Trees, trees, trees, circus!"
Crazy Yiuf hits you with a +3 quarterstaff of chaos!
Ouch! That really hurt!
Crazy Yiuf freezes you.
* * * LOW HITPOINT WARNING * * *
Unknown command.
Okay, then.
Okay, then.
Crazy Yiuf attacks as you move away!
Crazy Yiuf hits you with a +3 quarterstaff of chaos.
You die...

#....# #..#
#. ##..##
### #.## ##.
♣....♣
#.###.####..
♣♣..)♣
#.#...#....#
♣♣.♣♣
#.#.....####
♣♣)♣
#..........#
♣)♣♣
#....#####.#
♣♣)♣
#........#..
♣@♣♣
#...<.....#.
#g#
#.........÷.
)))
#........##.
#)))#
#........###
#).)#
#........# #
#####
#######.####
#.......
#.#.###.
#.#..##.


You could see Crazy Yiuf (combustible).

Vanquished Creatures
  Jessica (D:2)
  2 adders (D:2)
  2 worms (D:2)
  2 dart slugs (D:1)
  A bat (D:2)
  2 endoplasms (D:1)
  2 giant cockroaches (D:1)
  3 goblins
  3 hobgoblins
  2 jackals (D:2)
  2 kobolds
  2 quokkas (D:2)
  A ball python (D:2)
  3 frilled lizards
  5 rats
33 creatures vanquished.

Vanquished Creatures (others)
  41 foxfires
41 creatures vanquished.

Grand Total: 74 creatures vanquished

Notes
Turn   | Place    | Note
-------+----------+-------------------------------------------
     0 | D:1      | bjtr the Gargoyle Fire Elementalist began the quest for the
                  | Orb.
     0 | D:1      | Reached XP level 1. HP: 10/10 MP: 3/3
   251 | D:1      | Found a faded altar of an unknown god.
   270 | D:1      | Reached XP level 2. HP: 13/15 MP: 5/5
   273 | D:1      | Learned a level 2 spell: Scorch
   940 | D:2      | Reached XP level 3. HP: 19/19 MP: 0/6
  1138 | D:2      | Noticed Jessica
  1193 | D:2      | Reached skill level 4 in Fire Magic
  1249 | D:2      | Killed Jessica
  1250 | D:2      | Reached XP level 4. HP: 24/24 MP: 3/7
  1686 | D:2      | Found Adingimp's Antique Weapon Shop.
  1758 | D:2      | Found a runed translucent door.
  1763 | D:2      | Noticed Crazy Yiuf
  1768 | D:2      | Slain by Crazy Yiuf

Illustrated notes

Levels and vault maps discovered:
D:1:      psy_arrival_spokes, layout_loops_ring, shapermc_ecumenical_altar_gd,
          minivault_14, minmay_pentomino_p2
D:2:      layout_rooms, serial_shops, nicolae_shop_advertising_works
          [nicolae_subvault_shop_adworks], uniq_crazy_yiuf_cottage, uniq_jessica

Skill      XL: |  1  2  3 |
---------------+----------+-----
Fire Magic     | 4 |  4.2
Fighting       | |  0.9
Armour         | |  0.7
Dodging        | |  1.7
Stealth        | |  2.3
Spellcasting   | |  2.5
Conjurations   | |  1.5

Action                   |  1- 3 |  4- 6 || total
-------------------------+-------+-------++-------
Melee: Hand axe          |    43 |    15 ||    58
       Punch             |     1 |       ||     1
       Long sword        |       |     5 ||     5
 Cast: Foxfire           |    22 |     1 ||    23
       Scorch            |     5 |     7 ||    12
Armor: Leather armour    |    11 |     5 ||    16
Dodge: Dodged            |    25 |    19 ||    44

Table legend: (Time is in decaauts)
 A = Elapsed time spent in this place.
 B = Non-inter-level travel time spent in this place.
 C = Inter-level travel time spent in this place.
 D = Time resting spent in this place.
 E = Time spent auto-exploring this place.
 F = Levels seen in this place.
 G = Mean time per level.
                   A        B        C        D        E       F      G
               +--------+--------+--------+--------+--------+-----+--------+
         Total |   1785 |   1761 |     24 |    283 |   1086 |   2 |  892.5 |
       Dungeon |   1785 |   1761 |     24 |    283 |   1086 |   2 |  892.5 |
               +--------+--------+--------+--------+--------+-----+--------+

Top non-repeatable levels by time:
     D:1: 943 daAuts
     D:2: 842 daAuts
